 Dungeon Crawl Stone Soup version 0.29-a0-268-g5627465c62 (webtiles) character file.

Game seed: 4266797777364315167

170310 Ijustatesigmund the Severer (level 17, -4/249 HPs)
             Began as a Minotaur Fighter on Mar 4, 2022.
             Was a High Priest of the Shining One.
             Killed from afar by an eleionoma (18 damage)
             ... with a spray of wooden splinters
             ... on level 3 of the Swamp on Mar 7, 2022.
             The game lasted 01:07:10 (30953 turns).

Ijustatesigmund the Severer (Minotaur Fighter)     Turns: 30953, Time: 01:07:11

Health: -4/249     AC: 22    Str: 26    XL:     17   Next: 37%
Magic:  21/27      EV: 11    Int:  8    God:    the Shining One [*****.]
Gold:   1273       SH: 33    Dex: 19    Spells: 16/16 levels left

rFire   + . .      SeeInvis .   K - +6 war axe of the Traitor {freeze, rC+ Dex+6}
rCold   + . .      Faith    .   c - +3 tower shield
rNeg    + + .      Spirit   .   b - +3 chain mail "Gegou" {rPois Int+3}
rPois   +          Reflect  .   l - +2 hat
rElec   .          Harm     .   m - +1 cloak
rCorr   .          Rampage  .   (no gloves)
Will    +....                   t - +1 pair of boots
Stlth   ..........              x - amulet of regeneration
HPRegen 1.31/turn               f - ring of protection from cold
MPRegen 0.20/turn               q - ring of fire

@: berserking, divinely shielded, glowing, slow
A: horns 2, retaliatory headbutt
a: Renounce Religion, Divine Shield, Cleansing Flame, Summon Divine Warrior


You were on level 3 of the Swamp.
You worshipped the Shining One.
The Shining One was extremely pleased with you.
You visited 7 branches of the dungeon, and saw 30 of its levels.
You visited the Abyss 1 time.
You also visited: Gauntlet.

You collected 2664 gold pieces.
You spent 1391 gold pieces at shops.

Inventory:

Hand Weapons
 a - a +5 war axe of freezing
 s - a +5 morningstar
 K - the +6 war axe of the Traitor (weapon) {freeze, rC+ Dex+6}
   (You bought it in a shop on level 11 of the Dungeon)

   It freezes those it strikes, dealing additional cold damage.
   It can also slow down cold-blooded creatures.
   Dex:       It affects your dexterity (+6).
   rC:        It protects you from cold.
Missiles
 h - 8 javelins (quivered)
 v - 2 throwing nets
 H - 4 curare-tipped darts
Armour
 b - the +3 chain mail "Gegou" (worn) {rPois Int+3}
   (You found it on level 12 of the Dungeon)

   Int:       It affects your intelligence (+3).
   rPois:     It protects you from poison.
 c - a +3 tower shield (worn)
 l - a +2 hat (worn)
 m - a +1 cloak (worn)
 t - a +1 pair of boots (worn)
Jewellery
 d - a +6 ring of dexterity
 f - a ring of protection from cold (left hand)
 q - a ring of fire (right hand)
 u - a ring of see invisible
 x - an amulet of regeneration (around neck)
 B - a +6 ring of intelligence
 T - the ring "Sotou" {rPois Str+6}
   (You found it in a Gauntlet)

   [ring of strength]

   Str:       It affects your strength (+6).
   rPois:     It protects you from poison.
 V - a ring of protection from cold
Wands
 r - a wand of paralysis (12)
 y - a wand of digging (16)
 A - a wand of iceblast (15)
 E - a wand of polymorph (7)
 N - a wand of flame (33)
Scrolls
 i - 3 scrolls of identify
 z - 3 scrolls of amnesia
 D - 2 scrolls of enchant armour
 F - 7 scrolls of teleportation
 G - 5 scrolls of enchant weapon
 J - 4 scrolls of magic mapping
 O - 2 scrolls of summoning
 P - 3 scrolls of holy word
 R - a scroll of fog
 S - a scroll of brand weapon
 U - 2 scrolls of immolation
Potions
 e - a potion of curing
 g - 2 potions of might
 j - 5 potions of flight
 k - 4 potions of brilliance
 n - a potion of cancellation
 o - 3 potions of attraction
 w - 3 potions of mutation
 L - a potion of lignification
 M - 3 potions of resistance
Miscellaneous
 p - a piece from Xom's chessboard (15/15)
 C - a phantom mirror
 Q - a condenser vane


   Skills:
 - Level 18.6 Fighting
 - Level 18.7 Axes
 - Level 6.9 Throwing
 + Level 11.7 Armour
 + Level 7.9 Dodging
 + Level 12.1 Shields
 + Level 15.1 Invocations
 - Level 7.3 Evocations


You had 16 spell levels left.
You didn't know any spells.
Your spell library contained the following spells:

 Spells                   Type           Power      Damage    Failure   Level
 Animate Skeleton         Necr           0%         N/A       100%        1
 Apportation              Tloc           0%         N/A       100%        1
 Pain                     Necr           0%         1d4       100%        1
 Shock                    Conj/Air       0%         1d3       100%        1
 Summon Small Mammal      Summ           0%         N/A       100%        1
 Blink                    Tloc           0%         N/A       100%        2
 Corpse Rot               Necr/Air       0%         N/A       100%        2
 Dazzling Flash           Conj/Hex       0%         N/A       100%        3
 Gell's Gravitas          Tloc           0%         N/A       100%        3
 Ignite Poison            Fire/Tmut/Pois 0%         N/A       100%        3
 Mephitic Cloud           Conj/Pois/Air  0%         N/A       100%        3
 Summon Guardian Golem    Hex/Summ       0%         N/A       100%        3
 Swiftness                Air            0%         N/A       100%        3
 Teleport Other           Tloc           0%         N/A       100%        3
 Vampiric Draining        Necr           0%         2d6       100%        3
 Airstrike                Air            0%         N/A       100%        4
 Dispel Undead            Necr           0%         3d6       100%        4
 Iskenderun's Mystic Bla  Conj/Tloc      0%         2d3       100%        4
 Leda's Liquefaction      Hex/Erth       0%         N/A       100%        4
 Summon Lightning Spire   Summ/Air       0%         N/A       100%        4
 Alistair's Intoxication  Tmut/Pois      0%         N/A       100%        5
 Blade Hands              Tmut           0%         N/A       100%        5
 Borgnjor's Vile Clutch   Necr/Erth      0%         N/A       100%        5
 Fireball                 Conj/Fire      0%         3d3       100%        5
 Freezing Cloud           Conj/Ice/Air   0%         6-21      100%        5
 Irradiate                Conj/Tmut      0%         3d14      100%        5
 Lee's Rapid Deconstruct  Erth           0%         3d5*      100%        5
 Lightning Bolt           Conj/Air       0%         1d11      100%        5
 Manifold Assault         Tloc           0%         N/A       100%        5
 Death Channel            Necr           0%         N/A       100%        6
 Dispersal                Tloc           0%         N/A       100%        6
 Eringya's Noxious Bog    Tmut/Pois      0%         N/A       100%        6
 Starburst                Conj/Fire      0%         6d3       100%        6
 Statue Form              Tmut/Erth      0%         N/A       100%        6
 Dragon Form              Tmut           0%         N/A       100%        7
 Orb of Destruction       Conj           0%         9d5       100%        7
 Spellforged Servitor     Conj/Summ      0%         N/A       100%        7
 Storm Form               Tmut/Air       0%         N/A       100%        7
 Disjunction              Tloc           0%         N/A       100%        8
 Ignition                 Fire           0%         3d3       100%        8


Dungeon Overview and Level Annotations

Branches:
Dungeon (15/15)            Temple (1/1) D:5            Lair (6/6) D:10
  Swamp (3/4) Lair:2        Snake (1/4) Lair:3        Slime (0/5) Lair:5
    Orc (2/2) D:11            Elf (0/3) Orc:2        Vaults (0/5) D:13
 Depths (2/4) D:15        Gauntlet (visited)

Altars:
Ashenzari
Cheibriados
Dithmenos
Elyvilon
Fedhas
Gozag
Hepliaklqana
Kikubaaqudgha
Makhleb
Nemelex Xobeh
Okawaru
Qazlal
Ru
Sif Muna
Trog
Uskayaw
Vehumet
Wu Jian
Xom
Yredelemnul
Zin
The Shining One
Beogh
Jiyva

Shops:
D:4 ([[   D:10 *   D:11 (*(   Orc:2 ((:?   Depths:1 =

Portals:
Hell: Depths:1
Abyss: Depths:1


Innate Abilities, Weirdness & Mutations

You have a pair of horns on your head.
You reflexively headbutt those who attack you in melee.


Message History

* * * LOW HITPOINT WARNING * * *
You feel much better.
A red film seems to cover your vision as you go berserk!
You feel yourself moving faster!
You feel mighty!
You block the thorn hunter's attack. x2; The eleionoma hits you.
* * * LOW HITPOINT WARNING * * *
You slice the thorn hunter!! You freeze the thorn hunter!
The thorn hunter is heavily damaged.
You slice the briar patch!! You freeze the briar patch.
You destroy the briar patch!
You hit the eleionoma. You freeze the eleionoma.
You block the thorn hunter's attack. The thorn hunter hits you.
* * * LOW HITPOINT WARNING * * *
Your unstable footing causes you to fumble your attack.
The eleionoma hits you but does no damage.
The thorn hunter fires a volley of thorns at you.
You block the volley of thorns.
Your unstable footing causes you to fumble your attack.
The eleionoma hits you!
* * * LOW HITPOINT WARNING * * *
You slash the thorn hunter! You freeze the thorn hunter.
The thorn hunter is severely damaged.
You slash the eleionoma! You freeze the eleionoma.
The briar patch crumbles away.
The thorn hunter fires a volley of thorns at you.
You block the volley of thorns.
You completely miss the thorn hunter. You headbutt the thorn hunter.
The thorn hunter is severely damaged.
You slash the eleionoma! You freeze the eleionoma.
You block the thorn hunter's attack. The thorn hunter hits you.
* * * LOW HITPOINT WARNING * * *
The eleionoma hurls a spray of splinters at you.
The spray of wooden splinters hits you!!
* * * LOW HITPOINT WARNING * * *
You slash the thorn hunter! You freeze the thorn hunter.
The thorn hunter is severely damaged.
You completely miss the eleionoma. You block the thorn hunter's attack. x2
The eleionoma hurls a spray of splinters at you.
The spray of wooden splinters hits you!!
You die...

≈..≈.≈♣≈.....≈≈.♣
≈≈≈§≈≈.≈≈.≈≈..≈.♣
.≈≈≈≈.≈.≈§<≈...≈≈♣♣
.≈♣≈≈.≈>≈..≈≈..♣..♣
≈≈./≈..†/.≈≈≈≈≈≈..♣
.≈..≈≈≈††.≈≈≈.<≈≈.♣
..≈≈≈≈≈≈.≈♣§≈≈≈≈≈≈♣♣
§.≈...≈≈≈≈≈≈≈≈≈♣.≈♣♣
≈♣≈♣≈.≈†@R≈P....≈≈.♣
♣≈≈≈♣≈.♣♣f..<..≈..♣
♣≈≈≈≈≈♣♣♣♣♣.P........
≈≈≈≈≈≈ ♣.P..)##.##.
≈≈≈≈≈≈ ♣♣(....) .≈
.♣≈≈ ...#...♣ . ..
♣..#.P.♣. ≈
≈.#♣$.≈♣≈P .≈. ♣.≈ D.


You could see a thorn hunter and an eleionoma.

Vanquished Creatures
  A bone dragon (Depths:1)
  A tentacled monstrosity (Swamp:1)
  Rupert (Lair:6)
  An acid blob (Lair:5)
  Kirke (Swamp:2)
  4 tentacled starspawn (Abyss:1)
  A fire giant (Depths:1)
  A balrug (Depths:1)
  A very ugly thing (Depths:1)
  A quicksilver ooze (shapeshifter) (D:15)
  3 stone giants (Depths:1)
  4 eleionomae
  A minotaur (Gauntlet)
  3 bunyips
  A blizzard demon (Depths:1)
  Snorg (D:13)
  An ettin (Depths:1)
  2 shambling mangroves
  A fire dragon (Depths:1)
  3 jiangshi (Depths:1)
  4 vault guards (D:13)
  A boulder beetle (D:13)
  2 naga warriors (Snake:1)
  A great orb of eyes (Depths:1)
  2 catoblepae
  5 ghost crabs
  11 hydras
  2 ice dragons (Depths:1)
  2 hell beasts
  A rakshasa (Abyss:1)
  11 two-headed ogres
  6 ogre magi
  A death knight (D:13)
  The ghost of Luph the Covert, a journeyman SpEn of Dithmenos (D:12)
  4 alligators
  A merfolk avatar (Lair:6)
  6 centaur warriors
  2 deep troll shamans (Depths:1)
  3 tengu warriors
  2 deep troll earth magi (Depths:1)
  8 death yaks
  2 naga sharpshooters (Snake:1)
  A shock serpent (Snake:1)
  A vampire mage (Depths:1)
  A thrashing horror (Abyss:1)
  An orc high priest (Orc:2)
  5 hell knights (Depths:1)
  A sea snake (shapeshifter) (Depths:1)
  A fire crab (Gauntlet)
  A wretched star (Abyss:1)
  3 iron trolls
  A sixfirhy (Gauntlet)
  2 sea snakes (Lair:6)
  5 skeletal warriors
  A spatial maelstrom (Abyss:1)
  4 goliath frogs
  4 deep trolls (Depths:1)
  3 swamp dragons
  5 bog bodies
  2 glowing orange brains
  5 orc knights
  A deep elf archer (D:13)
  3 harpies (Lair:6)
  A necromancer (Depths:1)
  9 orc sorcerers
  15 ugly things
  2 salamanders (Snake:1)
  A deep elf pyromancer (D:13)
  9 elephants
  A worldbinder (Gauntlet)
  6 cyclopes
  4 manticores
  2 will-o-the-wisps
  Joseph (D:8)
  2 guardian serpents
  2 apocalypse crabs
  9 black mambas
  A cane toad (shapeshifter) (D:14)
  13 cane toads
  A torpor snail (Lair:4)
  3 efreet
  3 rime drakes
  A kobold demonologist (D:11)
  13 komodo dragons
  An ice devil (Abyss:1)
  3 tengu conjurers
  4 polar bears
  4 trolls
  A polar bear (shapeshifter) (D:13)
  8 tyrant leeches
  8 hornets
  14 slime creatures
  A wind drake (Lair:6)
  14 blink frogs
  3 raiju (Abyss:1)
  A large abomination (Abyss:1)
  10 dream sheep
  7 small abominations (Abyss:1)
  2 snapping turtles (Lair:6)
  A shadow (D:13)
  2 wraiths
  5 spriggans
  59 yaks
  4 hogs (Swamp:2)
  A ynoxinul (Abyss:1)
  A human (D:13)
  A wyvern (D:10)
  A basilisk (shapeshifter) (D:13)
  5 basilisks
  3 fire bats (Gauntlet)
  14 vampire mosquitoes
  A chaos spawn (Abyss:1)
  3 steam dragons
  3 spatial vortices (Abyss:1)
  12 swamp worms
  2 nagas (Snake:1)
  Edmund (D:5)
  A warg (Orc:2)
  3 acid dragons
  8 water moccasins
  2 hell hounds (Gauntlet)
  A swamp drake (Swamp:1)
  2 sky beasts (D:5)
  26 orc warriors
  An ice beast (D:5)
  4 black bears
  12 ogres
  3 boggarts (Gauntlet)
  15 wolves
  6 centaurs
  2 phantoms
  2 kobold brigands
  2 gnoll sergeants (D:8)
  18 bullfrogs
  6 earth elementals (D:12)
  4 scorpions
  12 wights
  21 killer bees
  3 howler monkeys (D:10)
  4 starcursed masses (Abyss:1)
  2 hounds
  4 jellies
  Crazy Yiuf (D:5)
  A gnoll shaman (D:7)
  6 orc priests
  33 orc wizards
  3 iguanas
  13 gnolls
  9 adders
  A shadow imp (D:7)
  5 ufetubi
  4 worms
  A dart slug (D:2)
  118 orcs
  4 endoplasms
  2 giant cockroaches
  11 hobgoblins
  2 jackals (D:2)
  16 kobolds
  A quokka (D:5)
  8 ball pythons
  3 bats
  7 frilled lizards
  2 goblins (D:2)
  3 rats
  7 briar patches (Swamp:3)
  2 starspawn tentacles (Abyss:1)
888 creatures vanquished.

Vanquished Creatures (collateral kills)
  Louise (D:15)
  An ogre mage (D:15)
  2 hell knights (Depths:1)
4 creatures vanquished.

Vanquished Creatures (others)
  A goliath frog (Swamp:2)
  A spriggan druid (Swamp:2)
  An unseen horror (D:13)
  A tyrant leech (Swamp:1)
  An orc wizard (D:6)
  4 briar patches (Swamp:3)
  4 foxfires (Swamp:1)
  25 fungi
  39 plants
  10 starspawn tentacles (Abyss:1)
  2 toadstools (Swamp:3)
89 creatures vanquished.

Grand Total: 981 creatures vanquished

Notes
Turn   | Place    | Note
-------+----------+-------------------------------------------
     0 | D:1      | Ijustatesigmund the Minotaur Fighter began the quest for
                  | the Orb.
     0 | D:1      | Reached XP level 1. HP: 19/19 MP: 0/0
   177 | D:1      | Reached XP level 2. HP: 27/27 MP: 1/1
   418 | D:1      | Found a faded altar of an unknown god.
   717 | D:2      | Reached XP level 3. HP: 33/33 MP: 2/2
   953 | D:2      | Reached XP level 4. HP: 41/41 MP: 3/3
  1634 | D:3      | Found a broken altar of Ashenzari.
  1697 | D:3      | Reached skill level 5 in Axes
  1756 | D:3      | Found a faded altar of an unknown god.
  1761 | D:3      | Found an ornate altar of the Wu Jian Council.
  1940 | D:3      | Reached skill level 1 in Dodging
  1940 | D:3      | Reached XP level 5. HP: 35/47 MP: 4/4
  2200 | D:4      | Reached skill level 5 in Fighting
  2218 | D:4      | Noticed an ogre
  2223 | D:4      | Killed an ogre
  2224 | D:4      | Reached XP level 6. HP: 49/56 MP: 5/5
  2290 | D:4      | Found Zercha Xaor's Antique Armour Emporium.
  2323 | D:4      | Found Sauki's Antique Armour Shoppe.
  2402 | D:4      | Found Wikim's Antique Weapon Boutique.
  2430 | D:4      | Found an opulent altar of Gozag.
  2991 | D:4      | Found an opulent altar of Gozag.
  2992 | D:4      | Found an opulent altar of Gozag.
  2997 | D:4      | Found an opulent altar of Gozag.
  3337 | D:5      | Entered Level 5 of the Dungeon
  3348 | D:5      | Reached skill level 5 in Shields
  3348 | D:5      | Reached XP level 7. HP: 36/62 MP: 6/6
  3429 | D:5      | Reached skill level 5 in Armour
  3515 | D:5      | Noticed Edmund
  3757 | D:5      | Killed Edmund
  4106 | D:5      | Found a bloodstained altar of Trog.
  4118 | D:5      | Reached XP level 8. HP: 46/71 MP: 7/7
  4803 | D:5      | Found a staircase to the Ecumenical Temple.
  4820 | Temple   | Entered the Ecumenical Temple
  5125 | Temple   | Became a worshipper of the Shining One
  5266 | D:5      | Reached skill level 1 in Invocations
  5361 | D:5      | Found a runed translucent door.
  5362 | D:5      | Noticed Crazy Yiuf
  5447 | D:5      | Killed Crazy Yiuf
  5700 | D:6      | Reached XP level 9. HP: 38/80 MP: 9/9
  6541 | D:4      | Bought a shiny chain mail for 217 gold pieces
  7163 | D:7      | Reached * piety under the Shining One
  7487 | D:7      | Found a runed translucent door.
  7803 | D:7      | Reached skill level 5 in Invocations
  8214 | D:7      | Reached XP level 10. HP: 77/92 MP: 12/12
  8445 | D:8      | Reached skill level 10 in Axes
  8542 | D:8      | Reached skill level 10 in Fighting
  8941 | D:8      | Noticed Joseph
  8949 | D:8      | Killed Joseph
  9130 | D:8      | Found a shimmering altar of Xom.
  9250 | D:8      | Found a radiant altar of Vehumet.
  9971 | D:8      | Reached ** piety under the Shining One
 10514 | D:9      | You fall into a shaft and drop 2 floors!
 10514 | D:11     | Noticed a green ugly thing
 10738 | D:11     | Found a staircase to the Orcish Mines.
 11077 | D:11     | Reached XP level 11. HP: 93/102 MP: 15/15
 11129 | D:11     | Killed a green ugly thing
 11604 | D:11     | Found Akumadwo's Weapon Shoppe.
 11652 | D:11     | Noticed a two-headed ogre
 11662 | D:11     | Killed a two-headed ogre
 11740 | D:11     | Found Badei's Antique Weapon Shoppe.
 11792 | D:11     | Found Moumyola's General Store.
 11951 | D:12     | Noticed a centaur warrior
 11955 | D:12     | Found a large runed translucent door.
 11955 | D:12     | Found a large runed translucent door.
 11958 | D:12     | Killed a centaur warrior
 11977 | D:12     | Noticed Luph's ghost (journeyman SpEn)
 12024 | D:12     | Noticed a two-headed ogre
 12028 | D:12     | Noticed a two-headed ogre
 12030 | D:12     | Killed a two-headed ogre
 12034 | D:12     | Killed a two-headed ogre
 12069 | D:12     | Identified the +3 chain mail "Gegou" {rPois Int+3}
 12084 | D:12     | Noticed a purple ugly thing
 12090 | D:12     | Killed a purple ugly thing
 12159 | D:12     | Noticed a catoblepas
 12281 | D:12     | Killed a catoblepas
 12491 | D:12     | Noticed a two-headed ogre
 12493 | D:12     | Killed a two-headed ogre
 12588 | D:12     | Reached XP level 12. HP: 98/113 MP: 17/17
 13043 | D:12     | Killed Luph's ghost
 13095 | D:13     | Reached *** piety under the Shining One
 13096 | D:13     | Noticed a two-headed ogre
 13112 | D:13     | Noticed a two-headed ogre
 13123 | D:12     | Killed a two-headed ogre
 13158 | D:13     | Killed a two-headed ogre
 13201 | D:13     | Noticed a tengu warrior
 13209 | D:13     | Killed a tengu warrior
 13210 | D:13     | Reached skill level 10 in Armour
 13324 | D:13     | Noticed a boulder beetle
 13337 | D:13     | Reached skill level 1 in Throwing
 13338 | D:13     | Reached skill level 1 in Evocations
 13349 | D:13     | Killed a boulder beetle
 13541 | D:13     | Noticed a centaur warrior
 13567 | D:13     | Noticed a centaur warrior
 13568 | D:13     | Noticed a death knight
 13571 | D:13     | Reached **** piety under the Shining One
 13573 | D:13     | Killed a centaur warrior
 13592 | D:13     | Killed a death knight
 13596 | D:13     | Noticed a five-headed hydra
 13596 | D:13     | Noticed a centaur warrior
 13602 | D:13     | Killed a centaur warrior
 14052 | D:13     | Reached skill level 5 in Throwing
 14071 | D:13     | Killed a centaur warrior
 14072 | D:13     | Reached XP level 13. HP: 96/122 MP: 19/19
 14079 | D:13     | Reached skill level 5 in Evocations
 14356 | D:13     | Found a shimmering altar of Xom.
 14413 | D:13     | Noticed Snorg
 14420 | D:13     | Killed Snorg
 14581 | D:13     | Reached skill level 5 in Dodging
 14619 | D:13     | Reached skill level 10 in Invocations
 14878 | D:13     | Found a gate to the Vaults.
 15185 | D:10     | Entered Level 10 of the Dungeon
 15257 | D:10     | Found Naxargh's Lightly-Used Armoury.
 15291 | D:10     | Found a staircase to the Lair.
 15875 | Lair:1   | Entered Level 1 of the Lair of Beasts
 16870 | Lair:2   | Found a staircase to the Swamp.
 17752 | Lair:3   | Found a staircase to the Snake Pit.
 17876 | Lair:3   | Reached XP level 14. HP: 113/133 MP: 21/21
 18070 | D:11     | Bought the +6 war axe of the Traitor {freeze, rC+ Dex+6}
                  | for 754 gold pieces
 18754 | Lair:4   | Reached skill level 15 in Axes
 18762 | Lair:4   | Reached skill level 15 in Fighting
 20065 | Lair:5   | Reached ***** piety under the Shining One
 20392 | Lair:5   | Found a runed translucent door.
 20392 | Lair:5   | Noticed an acid blob
 20486 | Lair:5   | Found a viscous altar of Jiyva.
 20487 | Lair:5   | Found a staircase to the Slime Pits.
 20501 | Lair:5   | Killed an acid blob
 20585 | Lair:6   | Entered Level 6 of the Lair of Beasts
 20647 | Lair:6   | Noticed Rupert
 20661 | Lair:6   | Killed Rupert
 20691 | Lair:6   | Reached XP level 15. HP: 53/145 MP: 18/23
 21810 | Orc:1    | Entered Level 1 of the Orcish Mines
 21859 | Orc:1    | Found Overi's Distillery.
 22352 | Orc:2    | Entered Level 2 of the Orcish Mines
 22352 | Orc:2    | Found a staircase to the Elven Halls.
 22433 | Orc:2    | Found a radiant altar of Vehumet.
 22480 | Orc:2    | Found a gate leading to a gauntlet.
 22487 | Gauntlet | Entered a Gauntlet
 22487 | Gauntlet | Found a runed translucent door.
 22487 | Gauntlet | Found a transporter.
 22491 | Gauntlet | Found a runed translucent door.
 22493 | Gauntlet | Found a transporter.
 22497 | Gauntlet | Found a transporter.
 22505 | Gauntlet | Found a transporter.
 22509 | Gauntlet | Found a transporter.
 22521 | Gauntlet | Found a transporter.
 22522 | Gauntlet | Found a transporter.
 22532 | Gauntlet | Found a transporter.
 22533 | Gauntlet | Found a transporter.
 22544 | Gauntlet | Found a transporter.
 22564 | Gauntlet | Found a transporter.
 22576 | Gauntlet | Found a transporter.
 22588 | Gauntlet | Found a transporter.
 22600 | Gauntlet | Found a transporter.
 22676 | Gauntlet | Paralysed by you for 3 turns
 22748 | Gauntlet | Identified the ring "Sotou" {rPois Str+6}
 23479 | Orc:2    | Paralysed by an orc sorcerer for 2 turns
 23515 | Orc:2    | Found Maotzub's Antique Weapon Shop.
 23535 | Orc:2    | Found a radiant altar of Vehumet.
 23550 | Orc:2    | Found Rywy's Book Shop.
 23598 | Orc:2    | Found an ancient bone altar of Kikubaaqudgha.
 23628 | Orc:2    | Found Ejaobr Tuom's Magic Scroll Shop.
 23630 | Orc:2    | Found Zorimmoc's Antique Weapon Boutique.
 23673 | Orc:2    | Bought a scroll of teleportation for 36 gold pieces
 23673 | Orc:2    | Bought a scroll of teleportation for 36 gold pieces
 23673 | Orc:2    | Bought a scroll of teleportation for 36 gold pieces
 23673 | Orc:2    | Bought 3 scrolls of holy word for 270 gold pieces
 23673 | Orc:2    | Bought a scroll of immolation for 42 gold pieces
 24563 | D:14     | Found a hazy altar of Hepliaklqana.
 24639 | D:15     | Entered Level 15 of the Dungeon
 24726 | D:15     | Noticed Louise
 24763 | D:15     | Killed Louise
 24765 | D:15     | Paralysed by an ogre mage for 2 turns
 25691 | D:15     | Reached XP level 16. HP: 146/155 MP: 23/25
 25707 | D:15     | Found a staircase to the Depths.
 25818 | Depths:1 | Entered Level 1 of the Depths
 25932 | Depths:1 | Found Dairaac's Jewellery Boutique.
 26235 | Depths:1 | Found a gateway to Hell.
 26413 | Depths:1 | Found a one-way gate to the infinite horrors of the Abyss.
 26420 | Depths:1 | Voluntarily entered the Abyss.
 26539 | Abyss:1  | Noticed a tentacled starspawn
 26546 | Abyss:1  | Killed a tentacled starspawn
 26548 | Abyss:1  | Noticed a tentacled starspawn
 26554 | Abyss:1  | Found a corrupted altar of Lugonu.
 26558 | Abyss:1  | Killed a tentacled starspawn
 26626 | Abyss:1  | Noticed a tentacled starspawn
 26630 | Abyss:1  | Killed a tentacled starspawn
 26707 | Abyss:1  | Found a corrupted altar of Lugonu.
 26889 | Abyss:1  | Noticed a tentacled starspawn
 26898 | Abyss:1  | Killed a tentacled starspawn
 26900 | Abyss:1  | Upgraded the game from 0.29-a0-241-g20d21d4356 to
                  | 0.29-a0-268-g5627465c62
 26955 | Depths:1 | Escaped the Abyss
 26977 | Depths:1 | HP: 2/157 [iron troll (6)]
 27568 | Depths:1 | Reached skill level 10 in Shields
 27945 | Depths:1 | Noticed a bone dragon
 27986 | Depths:1 | Killed a bone dragon
 28352 | Snake:1  | Entered Level 1 of the Snake Pit
 28841 | Swamp:1  | Entered Level 1 of the Swamp
 29384 | Swamp:1  | Noticed a tentacled monstrosity
 29406 | Swamp:1  | Killed a tentacled monstrosity
 29529 | Swamp:1  | Reached XP level 17. HP: 140/166 MP: 27/27
 29792 | Swamp:2  | Noticed Kirke
 29807 | Swamp:2  | Killed Kirke
 30039 | Swamp:2  | Reached skill level 15 in Invocations
 30953 | Swamp:3  | Killed from afar by an eleionoma

Illustrated notes

Levels and vault maps discovered:
D:1:      wander_arrival_estate, layout_loops_ring,
          chequers_ecumenical_altar_grove, chequers_decorated_corner,
          due_unseen_surprise
D:2:      layout_basic
D:3:      layout_rooms, mainiacjoe_overflow_24_doors,
          nicolae_overflow_ecumenical_swirl
D:4:      layout_loops_corners, nicolae_gozag_conspicuous_consumption,
          serial_shops, nicolae_shop_advertising_works
          [nicolae_subvault_shop_adworks], shop, nicolae_shop_hallway_plus,
          kennysheep_cluttered_room
D:5:      layout_loops_ring, trog_ov_bears_minmay, temple_hall, feat_on_display,
          uniq_edmund, uniq_crazy_yiuf_cottage
D:6:      layout_rooms, chequers_serial_rivers_micro_a
D:7:      layout_gridville, grunt_decor_mini_mirrors, lightli_church_of_beogh
D:8:      layout_gridville, vehumet_crystals, nicolae_overflow_crystal_walls,
          special_room [special_room_orc], uniq_joseph
D:9:      lemuel_insect_pit, layout_basic, uniq_erolcha, uniq_maggie
D:10:     layout_irregular_city, lair_entry_dummy, minmay_shop_damaged
D:11:     layout_loops_ring, hiddenorc2_lemuel, serial_shops,
          nicolae_stop_n_shop_2, kennysheep_mini_moat, shop
D:12:     layout_loops_ring, ebering_ghost_disaster_area,
          hangedman_cracks_in_the_wall
D:13:     layout_basic, grunt_vaults_entry_fortified, xom_confusion_cloud,
          uniq_snorg
D:14:     layout_long_grid, nicolae_hepliaklqana_hazy_memory, evilmike_minifort
D:15:     gammafunk_enter_depths_forms, layout_cave_pools, uniq_louise
Temple:   nicolae_temple_elliptical
Lair:1:   layout_long_grid, nicolae_lair_lil_pond, chequers_serial_rivers_marsh,
          grunt_megastairs_5
Lair:2:   layout_cave_pods, palyth_hydra_swamp_entry, infiniplex_staircase_pool,
          lemuel_fruit_fields
Lair:3:   layout_regular_city, minmay_snake_entry_spellcaster
Lair:4:   layout_gridlike
Lair:5:   layout_gridlike, slime_altar_2
Lair:6:   gammafunk_lair_ancient_temple, layout_regular_city, uniq_rupert
Swamp:1:  layout_basic_swamp, evilmike_swamp_ruin_rubble_1
Swamp:2:  layout_basic_swamp, hangedman_swamp_diagram,
          nicolae_swamp_trees_clearing, swamp_pool4, hangedman_swamp_wriggling,
          uniq_kirke
Swamp:3:  cheibrodos_swamp_tower_of_moss, layout_falls_marsh,
          evilmike_swamp_ruin_house_6, swamp_pool2
Snake:1:  cheibrodos_toxic_ritual, layout_grid_shapes, serial_shops, shop_statue
Orc:1:    cheibrodos_orc_bank, layout_diamond_mine, serial_shops,
          nicolae_diamond_shop
Orc:2:    kennysheep_orc_mage_school, layout_caves, gauntlet_entry_generic,
          basic_altar, bh_open_orc_temple
Depths:1: layout_gridlike, serial_shops, shop, grunt_mini_vestibule,
          abyss_entry, nicolae_wwwww, grunt_ministairs_11, st_stairs_1,
          lemuel_flamethrower_2
Depths:2: minmay_expanding_circles, layout_gridlike, pan_entry,
          lemuel_round_altar, grunt_hell_entry_dis_mu,
          infiniplex_staircase_zigzag_5, serial_bayou_shore_a

Skill      XL: |  1  2  3  4  5  6  7  8  9 10 11 12 13 14 15 16 17 |
---------------+----------------------------------------------------+-----
Axes           | 3 4 5 6 7 9 11 12 13 14 16 17 18 | 18.7
Fighting       | 4 5 6 7 9 11 12 13 14 16 17 18 | 18.6
Dodging        | 1 2 3 4 6 7 |  7.9
Armour         | 4 5 6 9 10 11 | 11.7
Shields        | 4 5 6 8 11 12 | 12.1
Invocations    | 2 5 7 9 10 12 13 14 15 | 15.1
Throwing       | 5 6 |  6.9
Evocations     | 4 5 7 |  7.3

Action                   |  1- 3 |  4- 6 |  7- 9 | 10-12 | 13-15 | 16-18 || total
-------------------------+-------+-------+-------+-------+-------+-------++-------
Melee: War axe           |    32 |   125 |   270 |   517 |   870 |   734 ||  2548
       Headbutt          |     6 |    13 |    58 |   169 |   286 |   247 ||   779
       Morningstar       |       |       |       |       |    48 |    13 ||    61
Throw: Javelin           |       |       |     5 |     1 |     4 |     4 ||    14
       Dart              |       |       |       |       |     2 |       ||     2
Invok: Divine Shield     |       |       |       |     1 |     7 |    11 ||    19
       Cleansing Flame   |       |       |       |       |     8 |    10 ||    18
       Summon Divine War |       |       |       |       |     2 |     1 ||     3
Evoke: Wand              |       |       |     2 |       |     6 |     8 ||    16
  Use: Scroll            |     1 |     9 |     6 |    11 |    10 |     8 ||    45
       Potion            |       |       |     4 |     1 |    15 |     3 ||    23
Armor: Scale mail        |    16 |    19 |       |       |       |       ||    35
       Chain mail        |       |    52 |   191 |   231 |   401 |   301 ||  1176
Dodge: Dodged            |    12 |    41 |   128 |   198 |   385 |   185 ||   949
Block: Buckler           |     5 |    22 |    94 |   132 |   284 |       ||   537
       Tower shield      |       |       |       |       |    30 |   792 ||   822

Table legend: (Time is in decaauts)
 A = Elapsed time spent in this place.
 B = Non-inter-level travel time spent in this place.
 C = Inter-level travel time spent in this place.
 D = Time resting spent in this place.
 E = Time spent auto-exploring this place.
 F = Levels seen in this place.
 G = Mean time per level.
                   A        B        C        D        E       F      G
               +--------+--------+--------+--------+--------+-----+--------+
         Total |  31040 |  29302 |   1738 |   5015 |  18666 |  32 |  970.0 |
       Dungeon |  17675 |  16793 |    882 |   3258 |  10747 |  15 | 1178.3 |
        Temple |    312 |    305 |      7 |      0 |    247 |   1 |  312.0 |
          Lair |   6226 |   5711 |    515 |    619 |   4207 |   6 | 1037.7 |
         Swamp |   2282 |   2207 |     75 |    209 |   1460 |   3 |  760.7 |
     Snake Pit |    119 |    119 |      0 |      0 |     57 |   1 |  119.0 |
  Orcish Mines |   1581 |   1395 |    186 |      0 |   1081 |   2 |  790.5 |
        Depths |   1781 |   1711 |     70 |    631 |    596 |   2 |  890.5 |
         Abyss |    534 |    534 |      0 |     77 |    270 |   1 |  534.0 |
      Gauntlet |    525 |    525 |      0 |    220 |      0 |   1 |  525.0 |
               +--------+--------+--------+--------+--------+-----+--------+

Top non-repeatable levels by time:
     D:7: 2075 daAuts
     D:5: 1789 daAuts
    D:12: 1668 daAuts
Depths:1: 1631 daAuts
    D:13: 1631 daAuts
     D:8: 1550 daAuts
    D:11: 1474 daAuts
     D:4: 1393 daAuts
 Swamp:2: 1315 daAuts
  Lair:2: 1299 daAuts
  Lair:3: 1137 daAuts
  Lair:6: 1037 daAuts
    D:14: 1026 daAuts
   Orc:2: 1013 daAuts
  Lair:4: 991 daAuts
